 Dungeon Crawl Stone Soup version 0.30-b1-2-g02819fbbbe (webtiles) character file.

Game seed: 16782282530396134109

58 Alarkh the Shooter (level 3, -12/26 HPs)
             Began as a Demonspawn Hexslinger on July 7, 2023.
             Killed by divine providence
             ... invoked by an orc priest
              (15 damage)
             ... on level 4 of the Dungeon.
             The game lasted 00:03:15 (1659 turns).

Alarkh the Shooter (Demonspawn Hexslinger)          Turns: 1659, Time: 00:03:16

Health: -12/26     AC:  2    Str: 10    XL:     3   Next: 76%
Magic:  3/4        EV: 12    Int: 16    God:
Gold:   74         SH:  0    Dex: 13    Spells: 0/4 levels left

rFire   + . .        a - +1 sling
rCold   + . .        (no shield)
rNeg    . . .        c - +0 robe
rPois   +            (no helmet)
rElec   +            g - scarf {repulsion}
rCorr   +            (no gloves)
SInv    .            (no boots)
Will    .....        (no amulet)
Stlth   +            (no ring)
HPRegen 0.24/turn    (no ring)
MPRegen 0.09/turn

%: repel missiles
@: resistant, hasted, very quick
A: demonic magic 2
a: no special abilities


You were on level 4 of the Dungeon.
You visited 1 branch of the dungeon, and saw 4 of its levels.

You collected 74 gold pieces.

Inventory:

Hand Weapons
 a - a +1 sling (weapon)
Armour
 c - a +0 robe (worn)
 g - a scarf of repulsion (worn)
Scrolls
 b - a scroll of poison
 d - a scroll of enchant armour {unknown}
 f - a scroll of fog {unknown}
 i - a scroll of immolation {unknown}
 j - a scroll of enchant weapon {unknown}
 l - 3 scrolls of identify {unknown}
Potions
 k - 2 potions of haste
 m - a potion of brilliance {unknown}
 n - a potion of might {unknown}


   Skills:
 - Level 1.0 Fighting
 * Level 3.4 Ranged Weapons
 - Level 1.7 Dodging
 + Level 1.2 Spellcasting
 + Level 3.1 Hexes
 + Level 0.4 Translocations


You couldn't memorise any spells.
You knew the following spells:

 Your Spells              Type           Power      Damage    Failure   Level
a - Slow                  Hex            44%        N/A       6%          1
b - Portal Projectile     Hex/Tloc       12%        N/A       32%         3

Your spell library contained the following spells:

 Spells                   Type           Power      Damage    Failure   Level
 Summon Small Mammal      Summ           0%         N/A       22%         1
 Blink                    Tloc           4%         N/A       28%         2
 Lesser Beckoning         Tloc           4%         N/A       28%         2
 Momentum Strike          Conj/Tloc      2%         3d8       30%         2
 Inner Flame              Hex/Fire       6%         N/A       34%         3
 Summon Guardian Golem    Hex/Summ       6%         N/A       34%         3
 Cause Fear               Hex            5%         N/A       52%         4
 Call Canine Familiar     Summ           0%         N/A       56%         3
 Conjure Ball Lightning   Conj/Air       0%         3x3d6     100%        6
 Discord                  Hex            5%         N/A       100%        8
 Disjunction              Tloc           1%         N/A       100%        8


Dungeon Overview and Level Annotations

Branches:
Dungeon (4/15)
 Temple: D:4-7

Altars:
Ashenzari

Annotations:
D:2 1 runed translucent door, Crazy Yiuf
D:4 3 runed translucent doors, xelsha's ghost, amateur GrMo


Innate Abilities, Weirdness & Mutations

Spells you cast may paralyse nearby enemies.


Message History

The orc hits you with a +0 whip.
You shoot a sling bullet. The sling bullet hits the orc.
The orc is heavily wounded.
The orc closely misses you.
You shoot a sling bullet.
The sling bullet closely misses the orc.
The sling bullet barely misses the orc.
The sling bullet hits the orc priest but does no damage.
The orc hits you with a +0 whip.
You shoot a sling bullet. The sling bullet hits the orc.
You kill the orc!
The orc hits you with a +0 whip.
* * * LOW HITPOINT WARNING * * *
Casting: Slow (safe; 6% risk of failure)
Confirm with . or Enter, or press ? or * to list all spells.
Aiming: Slow (safe; 6% risk of failure)
Press: ? - help, Shift-Dir - straight line, f - orc
Aim: an orc, wielding a +0 whip and wearing a +0 scale mail (chance to affect: 62%)
The orc seems to slow down.
The orc suddenly stops moving!
You shoot a sling bullet.
The sling bullet hits the orc but does no damage.
The orc is no longer paralysed.
The orc hits you with a +0 whip.
* * * LOW HITPOINT WARNING * * *
It was a potion of haste.
You feel yourself speed up. The orc closely misses you.
It was a potion of resistance.
You feel protected.
It was a potion of curing.
You feel better. The orc hits you with a +0 whip.
* * * LOW HITPOINT WARNING * * *
You shoot a sling bullet. The sling bullet hits the orc.
The orc is heavily wounded.
You shoot a sling bullet.
The sling bullet closely misses the orc.
The sling bullet barely misses the orc priest.
The orc hits you with a +0 whip.
* * * LOW HITPOINT WARNING * * *
The orc priest invokes the aid of Beogh against you.
Beogh smites you!
Ouch! That really hurt!
You die...

#.##P #.#.. ##.+K### #..+KKK
(# #..+W###..# #..#KK...#
######################..##KK~#
................@oo.>....#####
###################...#<.....#
#....#.#.### #..#......#
#.###..#### #........#
....#####.# ..#.......#
...#########


You could see an orc priest and an orc (slow).

Vanquished Creatures
  2 adders (D:2)
  2 dart slugs
  An orc (D:4)
  A ball python (D:2)
  2 endoplasms
  3 hobgoblins
  5 kobolds
  3 quokkas
  4 bats (D:1)
  A frilled lizard (D:1)
  3 goblins
  6 rats (D:1)
33 creatures vanquished.

Vanquished Creatures (others)
  2 fungi (D:4)
2 creatures vanquished.

Grand Total: 35 creatures vanquished

Notes
Turn   | Place    | Note
-------+----------+-------------------------------------------
     0 | D:1      | Alarkh the Demonspawn Hexslinger began the quest for the
                  | Orb.
     0 | D:1      | Reached XP level 1. HP: 15/15 MP: 2/2
   123 | D:1      | Gained mutation: Spells you cast may paralyse adjacent
                  | enemies. [demonic ancestry]
   123 | D:1      | Reached XP level 2. HP: 19/21 MP: 3/3
   630 | D:2      | Found a broken altar of Ashenzari.
   694 | D:2      | Gained mutation: Spells you cast may paralyse nearby
                  | enemies. [demonic ancestry]
   694 | D:2      | Reached XP level 3. HP: 7/26 MP: 4/4
   817 | D:2      | Found a faded altar of an unknown god.
   822 | D:2      | Learned a level 3 spell: Portal Projectile
   958 | D:2      | Found a runed translucent door.
   959 | D:2      | Noticed Crazy Yiuf
  1534 | D:2      | You fall into a shaft and drop 2 floors!
  1619 | D:4      | Noticed a kobold brigand
  1620 | D:4      | Found a runed translucent gate.
  1620 | D:4      | Noticed xelsha's ghost (amateur GrMo)
  1621 | D:4      | Found a runed translucent gate.
  1621 | D:4      | Found a runed translucent gate.
  1654 | D:4      | HP: 1/26 [orc/+0 whip (6)]
  1659 | D:4      | Killed from afar by an orc priest

Illustrated notes

Levels and vault maps discovered:
D:1:      saegor_arrival_simple_d, layout_rooms, nrook_campfire
D:2:      layout_basic, basic_altar, ebering_ecumenical_altar_hall,
          corexii_item_surrounded_by_moat, minmay_split_cup_large,
          uniq_crazy_yiuf_cottage
D:3:      layout_loops_ring, tgw_kikubaaqudgha, nicolae_overflow_hidden_temple,
          mainiacjoe_overflow_catwalk, mainiacjoe_overflow_six_doors_small,
          serial_shops, nicolae_lakefront_shop, hangedman_decor_growths
D:4:      layout_basic, serial_shops, shop, portal_sewer_entry_b,
          gammafunk_ghost_nasty_kobolds, uniq_eustachio

Skill      XL: |  1  2 |
---------------+-------+-----
Ranged Weapons | 2 3 |  3.4
Fighting       | |  1.0
Dodging        | |  1.7
Spellcasting   | |  1.2
Hexes          | |  3.1
Translocations | |  0.4

Action                     || total
---------------------------++-------
   Fire: Sling             ||   137
   Cast: Slow              ||     5
    Use: Potion            ||     3
 Armour: Robe              ||     8
  Dodge: Dodged            ||    38
